 Dungeon Crawl Stone Soup version 0.19-b1-5-gdc9fa9d (webtiles) character file.

133 Jorund the Chopper (level 4, 0/33 HPs)
             Began as a Demonspawn Gladiator on Oct 31, 2016.
             Slain by a gnoll
             ... wielding a +0 spear
              (7 damage)
             ... on level 2 of the Dungeon.
             The game lasted 00:03:57 (2107 turns).

Jorund the Chopper (Demonspawn Gladiator)           Turns: 2107, Time: 00:03:57

Health: 0/33       AC:  8    Str: 16    XL:     4   Next: 94%
Magic:  4/4        EV: 12    Int:  9    God:
Gold:   77         SH:  0    Dex: 14    Spells: 0 memorised, 3 levels left

rFire  . . .     SeeInvis .     a - +0 war axe
rCold  . . .     Gourm    .     b - +0 leather armour
rNeg   + . .     Faith    .     (no shield)
rPois  .         Spirit   .     c - +0 helmet
rElec  .         Reflect  .     (no cloak)
rCorr  .         Harm     .     e - +1 pair of gloves
MR     .....                    (no boots)
Stlth  +.........               (no amulet)
                                (no ring)
                                h - ring of positive energy

@: no status effects
A: icy blue scales 1
a: no special abilities


You were on level 2 of the Dungeon.
You were very hungry.

You visited 1 branch of the dungeon, and saw 2 of its levels.

You collected 77 gold pieces.

Inventory:

Hand Weapons
 a - a +0 war axe (weapon)
Missiles
 d - 3 throwing nets (quivered)
Armour
 b - a +0 leather armour (worn)
 c - a +0 helmet (worn)
 e - a +1 pair of gloves (worn)
 g - a +0 plate armour
Jewellery
 h - a ring of positive energy (left hand)
Scrolls
 i - a scroll of fear {unknown}
 j - 2 scrolls of amnesia {unknown}
 k - a scroll of enchant weapon {unknown}
 o - a scroll of identify {unknown}
Potions
 l - a potion of agility {unknown}
 m - a potion of curing {unknown}
 n - a potion of flight {unknown}
Comestibles
 f - 2 bread rations


   Skills:
 - Level 2.0 Fighting
 + Level 4.7 Axes
 - Level 1.7 Throwing
 + Level 1.7 Armour
 - Level 2.6 Dodging


You had 3 spell levels left.
You didn't know any spells.

Dungeon Overview and Level Annotations

Branches:
Dungeon (2/15)

Altars:


Innate Abilities, Weirdness & Mutations

You are partially covered in icy blue scales. (AC +2)


Message History

You closely miss the gnoll.
The gnoll is lightly wounded.
The gnoll hits you with a spear.
You hit the gnoll but do no damage.
The gnoll is lightly wounded.
The gnoll hits you but does no damage.
You barely miss the gnoll.
The gnoll is lightly wounded.
The gnoll hits you but does no damage. The gnoll barely misses you.
You hit the gnoll.
The gnoll is moderately wounded.
The gnoll barely misses you.
You hit the gnoll.
The gnoll is severely wounded.
The gnoll hits you with a spear!
* * * LOW HITPOINT WARNING * * *
You closely miss the gnoll.
The gnoll is severely wounded.
The gnoll hits you with a spear!
You die...

######## #.........
######......# #..#.#.#.#
#.......###.# #.........
#.####..#.#.###########..#.#.#.#
#.#.............................
#.#.#.#.###.#.####.####.........
#.#.#.......#.# #.# #.........
#.#.###.#####.####.####.........
#.#.#........>.@g........#######
#.....############.#####..#
#...#.# #.# ##.##
#.###.############'### #..####
#.# #.#...#........g.# #.....#
#.# #.#...#..........# #.....#
#.# #.#...#..........# #.....#
#.# #.#...#....g.....# #.....#
#.###.#...#........>.# #.....#


You could see a gnoll.

Vanquished Creatures
  5 gnolls (D:2)
  3 adders
  4 leopard geckos
  3 bats (D:1)
  2 giant cockroaches (D:2)
  7 goblins
  2 hobgoblins
  8 jackals
  3 ball pythons
  3 frilled lizards (D:1)
  6 kobolds
  10 rats
56 creatures vanquished.

Notes
Turn   | Place    | Note
-------+----------+-------------------------------------------
     0 | D:1      | Jorund the Demonspawn Gladiator began the quest for the Orb.
     0 | D:1      | Reached XP level 1. HP: 16/16 MP: 1/1
    89 | D:1      | Reached skill level 3 in Axes
   418 | D:1      | Gained mutation: You are partially covered in icy blue scales. (AC +2) [demonic ancestry]
   418 | D:1      | Reached XP level 2. HP: 21/22 MP: 2/2
   816 | D:1      | Reached skill level 1 in Armour
   862 | D:1      | Reached XP level 3. HP: 26/27 MP: 3/3
  1307 | D:2      | Reached skill level 4 in Axes
  1316 | D:2      | Reached XP level 4. HP: 3/33 MP: 4/4
  2107 | D:2      | Slain by a gnoll

Skill      XL: |  1  2  3 |
---------------+----------+-----
Axes           | 3 4 |  4.7
Armour         | 1 |  1.7
Fighting       | |  2.0
Throwing       | |  1.7
Dodging        | |  2.6

Action                   |  1- 3 |  4- 6 || total
-------------------------+-------+-------++-------
Melee: War axe           |   137 |    70 ||   207
  Eat: Chunk             |     1 |     2 ||     3
Armor: Leather armour    |    63 |    29 ||    92
Dodge: Dodged            |   114 |    69 ||   183
